 Dungeon Crawl Stone Soup version 0.19.0-11-g3fc08b3 (webtiles) character file.

82 Guinours the Firebug (level 4, 0/24 HPs)
             Began as a Deep Elf Fire Elementalist on Nov 9, 2016.
             Was an Initiate of Ashenzari.
             Slain by a water moccasin (2 damage)
             ... on level 3 of the Dungeon.
             The game lasted 00:13:12 (1932 turns).

Guinours the Firebug (Deep Elf Fire Elementalist)   Turns: 1932, Time: 00:13:13

Health: 0/24       AC:  3    Str:  5    XL:     4   Next: 21%
Magic:  1/12       EV: 13    Int: 21    God:    Ashenzari [......]
Gold:   143        SH:  0    Dex: 15    Spells: 3 memorised, 5 levels left

rFire  . . .     SeeInvis .     n - +0 short sword
rCold  . . .     Gourm    .     a - +0 robe
rNeg   . . .     Faith    .     (no shield)
rPois  .         Spirit   .     (no helmet)
rElec  .         Reflect  .     j - +0 cloak
rCorr  +         Harm     +     (no gloves)
MR     .....                    (no boots)
Stlth  ++........               v - amulet of harm
                                s - ring of resist corrosion
                                o - ring of flight (curse)

@: lethally poisoned (0 -> -3), very slightly contaminated
A: no striking features
a: Curse Item, Renounce Religion, Evoke Flight


You were on level 3 of the Dungeon.
You worshipped Ashenzari.
Ashenzari was noncommittal.
You were not hungry.

You visited 1 branch of the dungeon, and saw 3 of its levels.

You collected 143 gold pieces.

Inventory:

Hand Weapons
 n - a +0 short sword (weapon)
Armour
 a - a +0 robe (worn)
 j - a +0 cloak (worn)
Jewellery
 o - a cursed ring of flight (left hand)
 s - a ring of resist corrosion (right hand)
 v - an amulet of harm (around neck)
Scrolls
 d - a scroll of identify {unknown}
 f - a scroll of recharging {unknown}
 r - a scroll of fear {unknown}
Potions
 e - a potion of haste {unknown}
 g - a potion of ambrosia {unknown}
 l - a potion of curing {unknown}
 m - a potion of magic {unknown}
 p - 2 potions of agility {unknown}
 t - a potion of lignification {unknown}
 u - a potion of degeneration {unknown}
Books
 b - a book of Flames

   Spells                             Type                      Level
   a - Flame Tongue                   Conjuration/Fire             1
   b - Throw Flame                    Conjuration/Fire             2
   c - Conjure Flame                  Conjuration/Fire             3
   d - Inner Flame                    Hexes/Fire                   3
   e - Sticky Flame                   Conjuration/Fire             4
   f - Fireball                       Conjuration/Fire             5
Comestibles
 c - 2 bread rations
 h - 2 beef jerkies
 i - 3 chunks of flesh
 k - a slice of pizza
 q - 3 fruits


   Skills:
 + Level 2.6 Dodging
 + Level 2.9 Stealth
 + Level 4.3 Spellcasting
 + Level 1.5 Conjurations
 + Level 4.3 Fire Magic


You had 5 spell levels left.
You knew the following spells:

 Your Spells              Type           Power        Failure   Level  Hunger
a - Flame Tongue          Conj/Fire      ###..        3%          1    None
b - Throw Flame           Conj/Fire      ###...       6%          2    #......
c - Inner Flame           Hex/Fire       ##......     17%         3    ##.....


Dungeon Overview and Level Annotations

Branches:
Dungeon (3/15)

Altars:
Ashenzari


Message History

Aim: a water moccasin The flame tongue misses the water moccasin.
The flame tongue hits the jackal.
You kill the jackal!
The water moccasin bites you.
You feel sick. The water moccasin bites you.
* * * LOW HITPOINT WARNING * * *
* * * LOW HITPOINT WARNING * * *
You feel sick. The water moccasin closely misses you.
Casting: Flame Tongue
Confirm with . or Enter, or press ? or * to list all spells.
You don't have enough magic to cast that spell.
Unknown command.
* * * LOW HITPOINT WARNING * * *
You feel sick.
The water moccasin completely misses you.
* * * LOW HITPOINT WARNING * * *
You feel sick. The water moccasin bites you.
You die...

##.. ...# #..# #..#
#..# ###### #..# #...)S
########..########.####
#.....@S.s.h...†.†..#
#.##.###.#####.####.# #
#... ...# .# #######.#
.# #.# .# #.# .# #.# .#
#.# .#


You could see a water moccasin, a jackal and a giant cockroach.

Vanquished Creatures
  2 adders (D:2)
  An ooze (D:2)
  4 worms
  3 leopard geckos
  An orc (D:3)
  2 giant cockroaches
  2 goblins (D:1)
  4 hobgoblins
  4 jackals
  9 kobolds
  A quokka (D:2)
  A ball python (D:2)
  5 bats
  2 frilled lizards (D:2)
  4 rats
45 creatures vanquished.

Notes
Turn   | Place    | Note
-------+----------+-------------------------------------------
     0 | D:1      | Guinours the Deep Elf Fire Elementalist began the quest for the Orb.
     0 | D:1      | Reached XP level 1. HP: 10/10 MP: 6/6
   377 | D:1      | Reached XP level 2. HP: 15/15 MP: 4/8
   891 | D:2      | Reached XP level 3. HP: 12/19 MP: 5/10
  1244 | D:2      | Found a shattered altar of Ashenzari.
  1279 | D:2      | Became a worshipper of Ashenzari the Shackled
  1792 | D:2      | Reached XP level 4. HP: 24/24 MP: 9/12
  1801 | D:2      | Learned a level 2 spell: Throw Flame
  1805 | D:2      | Learned a level 3 spell: Inner Flame
  1902 | D:3      | Noticed a water moccasin
  1932 | D:3      | Slain by a water moccasin

Skill      XL: |  1  2  3 |
---------------+----------+-----
Fire Magic     | 4 |  4.3
Spellcasting   | 4 |  4.3
Dodging        | |  2.6
Stealth        | |  2.9
Conjurations   | |  1.5

Action                   |  1- 3 |  4- 6 || total
-------------------------+-------+-------++-------
Melee: Short sword       |       |     5 ||     5
 Cast: Flame Tongue      |    67 |     7 ||    74
       Throw Flame       |       |     4 ||     4
       Inner Flame       |       |     1 ||     1
Invok: Curse Item        |     1 |       ||     1
  Use: Scroll            |     1 |       ||     1
  Eat: Chunk             |     2 |     1 ||     3
Armor: Robe              |     4 |     2 ||     6
Dodge: Dodged            |    12 |    11 ||    23
